MLB
SAN DIEGO PADRES @ SAN FRANCISCO GIANTS
09/26/2098
 
TOP OF THE 1ST
San Diego Padres batting - Pitching for San Francisco Giants : RHP Chris Martin
Pitching: RHP Chris Martin
Batting: LHB Eric Schoonover 0-0: SINGLE (Groundball, 6MD, EV 96.3 MPH)
Batting: RHB Maxwell Judson 0-0: Ball
1-0: Ball
2-0: Swinging Strike
2-1: Called Strike
2-2: Ball
3-2: Fly out, F2 (Popup, 23F, EV 89.4 MPH)
Batting: RHB Jose Barillas 0-0: Ball
1-0: Foul Ball, location: 2F
1-1: Foul Ball, location: 2F
1-2: Strikes out swinging
Batting: LHB Joel Sherlock 0-0: Fly out, F7 (Flyball, 7S, EV 95.0 MPH)
Top of the 1st over - 0 runs, 1 hit, 0 errors, 1 left on base; San Diego 0 - San Francisco 0
BOTTOM OF THE 1ST
San Francisco Giants batting - Pitching for San Diego Padres : RHP Chris Penn
Pitching: RHP Chris Penn
Batting: RHB Erik Mulloy 0-0: Ball
1-0: Ball
2-0: Ball
3-0: Base on Balls
Batting: RHB Masataka Kato 0-0: Called Strike
0-1: Foul Ball, location: 7LMF
0-2: Ball
1-2: Strikes out swinging
Batting: LHB Daniel Cipolla 0-0: Ball
1-0: Foul Ball, location: 5SF
1-1: Ball
2-1: Foul Ball, location: 23F
2-2: Foul Ball, location: 3F
2-2: Strikes out swinging
Batting: RHB David Bishop 0-0: Called Strike
Erik Mulloy steals 2nd base
0-1: Called Strike
0-2: Ball
1-2: Foul Ball, location: 2F
1-2: Ball
2-2: Foul Ball, location: 3SF
2-2: Ball
3-2: Base on Balls
Batting: LHB Eric Plaunt 0-0: Ball
1-0: Fly out, F6 (Popup, 6MS, EV 73.8 MPH)
Bottom of the 1st over - 0 runs, 0 hits, 0 errors, 2 left on base; San Diego 0 - San Francisco 0
TOP OF THE 2ND
San Diego Padres batting - Pitching for San Francisco Giants : RHP Chris Martin
Batting: RHB Tony Woody 0-0: Ground out 5-3 (Groundball, 56, EV 90.0 MPH)
Batting: RHB Chris Santos 0-0: Called Strike
0-1: Called Strike
0-2: Ball
1-2: Ball
2-2: Strikes out swinging
Batting: RHB John Ballard 0-0: Ball
1-0: Ball
2-0: Called Strike
2-1: SINGLE (Line Drive, 8RS, EV 92.5 MPH)
Batting: LHB R.J. Correll 0-0: Fly out, F8 (Flyball, 8LM, EV 91.9 MPH)
Top of the 2nd over - 0 runs, 1 hit, 0 errors, 1 left on base; San Diego 0 - San Francisco 0
BOTTOM OF THE 2ND
San Francisco Giants batting - Pitching for San Diego Padres : RHP Chris Penn
Batting: LHB Lindsay Foreman 0-0: Foul Ball, location: 2F
0-1: Foul Ball, location: 7LSF
0-2: Strikes out swinging
Batting: RHB Kevin Mosemann 0-0: Called Strike
0-1: Ball
1-1: Ground out 6-3 (Groundball, 6MD, EV 105.0 MPH)
Batting: RHB Dave Melton 0-0: Ball
1-0: Ball
2-0: Foul Ball, location: 2F
2-1: Ground out 5-3 (Groundball, 56, EV 106.9 MPH)
Bottom of the 2nd over - 0 runs, 0 hits, 0 errors, 0 left on base; San Diego 0 - San Francisco 0
TOP OF THE 3RD
San Diego Padres batting - Pitching for San Francisco Giants : RHP Chris Martin
Batting: RHB Alfredo Beltran 0-0: Ball
1-0: Swinging Strike
1-1: Ball
2-1: Foul Ball, location: 2F
2-2: Foul Ball, location: 9LMF
2-2: Ball
3-2: Strikes out swinging
Batting: LHB Eric Schoonover 0-0: Called Strike
0-1: Ball
1-1: Swinging Strike
1-2: Ball
2-2: Foul Ball, location: 7LSF
2-2: Strikes out looking
Batting: RHB Maxwell Judson 0-0: Foul Ball, location: 23FF
0-1: Ball
1-1: Swinging Strike
1-2: Ball
2-2: Fly out, F9 (Flyball, 9D, EV 106.9 MPH)
Top of the 3rd over - 0 runs, 0 hits, 0 errors, 0 left on base; San Diego 0 - San Francisco 0
BOTTOM OF THE 3RD
San Francisco Giants batting - Pitching for San Diego Padres : RHP Chris Penn
Batting: RHB Ben Presley 0-0: Ball
1-0: Ball
2-0: Called Strike
2-1: Swinging Strike
2-2: Foul Ball, location: 2RF
2-2: Foul Ball, location: 5DF
2-2: Ball
3-2: Ground out 6-3 (Groundball, 6S, EV 83.8 MPH)
Pitching: LHP Robert Bartos
Batting: RHB Erik Mulloy 0-0: Ball
1-0: Ball
2-0: Called Strike
2-1: Foul Ball, location: 5DF
2-2: Strikes out swinging
Batting: RHB Masataka Kato 0-0: Foul Ball, location: 2F
0-1: Swinging Strike
0-2: Ball
1-2: Ball
2-2: Strikes out swinging
Bottom of the 3rd over - 0 runs, 0 hits, 0 errors, 0 left on base; San Diego 0 - San Francisco 0
TOP OF THE 4TH
San Diego Padres batting - Pitching for San Francisco Giants : RHP Chris Martin
Batting: RHB Jose Barillas 0-0: Ball
1-0: Foul Ball, location: 2F
1-1: Called Strike
1-2: SINGLE (Groundball, 2L, EV 73.1 MPH) (infield hit)
Batting: LHB Joel Sherlock 0-0: Ball
1-0: Called Strike
1-1: Ball
2-1: Foul Ball, location: 3DF
2-2: SINGLE (Line Drive, 8LS, EV 88.8 MPH)
Jose Barillas to second
Runner from 2nd tries for 3rd, SAFE, throw by CF made to third
Batting: RHB Tony Woody 0-0: Ball
1-0: Grounds into double play, 5-4-3 (Groundball, 56, EV 98.1 MPH)
Jose Barillas scores
Batting: RHB Chris Santos 0-0: Ball
1-0: Called Strike
1-1: Called Strike
1-2: Ball
2-2: Ball
3-2: SOLO HOME RUN (Flyball, 89XD, EV 110.0 MPH), Distance : 442 ft
Batting: RHB John Ballard 0-0: Called Strike
0-1: Ground out 5-3 (Groundball, 5, EV 83.8 MPH)
Top of the 4th over - 2 runs, 3 hits, 0 errors, 0 left on base; San Diego 2 - San Francisco 0
BOTTOM OF THE 4TH
San Francisco Giants batting - Pitching for San Diego Padres : LHP Robert Bartos
Batting: LHB Daniel Cipolla 0-0: Swinging Strike
0-1: Swinging Strike
0-2: Fly out, F7 (Flyball, 7D, EV 106.3 MPH)
Batting: RHB David Bishop 0-0: Ball
1-0: Ball
2-0: Fly out, F8 (Flyball, 89M, EV 85.0 MPH)
Batting: LHB Eric Plaunt 0-0: Ball
1-0: Ball
2-0: Ball
3-0: Called Strike
3-1: Foul Ball, location: 7LDF
3-2: Strikes out swinging
Bottom of the 4th over - 0 runs, 0 hits, 0 errors, 0 left on base; San Diego 2 - San Francisco 0
TOP OF THE 5TH
San Diego Padres batting - Pitching for San Francisco Giants : RHP Chris Martin
Batting: LHB R.J. Correll 0-0: Ball
1-0: Called Strike
1-1: Foul Ball, location: 7LMF
1-2: Ball
2-2: Fly out, F8 (Flyball, 8RD, EV 102.5 MPH)
Batting: RHB Alfredo Beltran 0-0: Ball
1-0: Foul Ball, location: 9LMF
1-1: Called Strike
1-2: Ground out 5-3 (Groundball, 25, EV 91.3 MPH)
Batting: LHB Eric Schoonover 0-0: Ball
1-0: Called Strike
1-1: Ball
2-1: Foul Ball, location: 2F
2-2: SINGLE (Line Drive, 8LS, EV 90.0 MPH)
Batting: RHB Maxwell Judson 0-0: Called Strike
0-1: Foul Ball, location: 25FF
0-2: Ball
1-2: Strikes out looking
Top of the 5th over - 0 runs, 1 hit, 0 errors, 1 left on base; San Diego 2 - San Francisco 0
BOTTOM OF THE 5TH
San Francisco Giants batting - Pitching for San Diego Padres : LHP Robert Bartos
Batting: LHB Lindsay Foreman 0-0: Fly out, F7 (Line Drive, 7LM, EV 108.8 MPH)
Batting: RHB Kevin Mosemann 0-0: Ball
1-0: Swinging Strike
1-1: Called Strike
1-2: Strikes out swinging
Batting: RHB Dave Melton 0-0: Ground out 6-3 (Groundball, 6, EV 89.4 MPH)
Bottom of the 5th over - 0 runs, 0 hits, 0 errors, 0 left on base; San Diego 2 - San Francisco 0
TOP OF THE 6TH
San Diego Padres batting - Pitching for San Francisco Giants : RHP Chris Martin
Pitching: LHP Nate Torgerson
Batting: RHB Jose Barillas 0-0: Ball
1-0: Foul Ball, location: 2F
1-1: Foul Ball, location: 2F
1-2: Ball
2-2: Strikes out looking
Batting: LHB Joel Sherlock 0-0: Ball
1-0: Foul Ball, location: 2F
1-1: Ball
2-1: Fly out, F5 (Popup, 25F, EV 88.8 MPH)
Batting: RHB Tony Woody 0-0: Foul Ball, location: 2F
0-1: Ball
1-1: Ball
2-1: Foul Ball, location: 2F
2-2: Strikes out swinging
Top of the 6th over - 0 runs, 0 hits, 0 errors, 0 left on base; San Diego 2 - San Francisco 0
BOTTOM OF THE 6TH
San Francisco Giants batting - Pitching for San Diego Padres : LHP Robert Bartos
Batting: RHB Ben Presley 0-0: Ball
1-0: Ball
2-0: Ball
3-0: Called Strike
3-1: Called Strike
3-2: Base on Balls
Pitching: RHP John Elliott
Batting: RHB Erik Mulloy 0-0: Ball
1-0: Ball
2-0: Called Strike
2-1: Fly out, F9 (Flyball, 9, EV 74.4 MPH)
Batting: RHB Masataka Kato 0-0: Ball
1-0: Ball
2-0: Ball
3-0: Base on Balls
Ben Presley to second
Batting: LHB Daniel Cipolla 0-0: Ball
1-0: Swinging Strike
1-1: Swinging Strike
1-2: Fly out, F4 (Popup, 3S, EV 83.1 MPH)
Batting: RHB David Bishop 0-0: Fly out, F7 (Flyball, 7, EV 91.9 MPH)
Bottom of the 6th over - 0 runs, 0 hits, 0 errors, 2 left on base; San Diego 2 - San Francisco 0
TOP OF THE 7TH
San Diego Padres batting - Pitching for San Francisco Giants : LHP Nate Torgerson
Batting: RHB Chris Santos 0-0: Ball
1-0: Fly out, F9 (Flyball, 9, EV 90.0 MPH)
Batting: RHB John Ballard 0-0: Ball
1-0: Ball
2-0: Foul Ball, location: 5FF
2-1: Ball
3-1: Base on Balls
Batting: LHB R.J. Correll 0-0: Ball
1-0: Ball
2-0: SINGLE (Groundball, 4M, EV 100.0 MPH)
John Ballard to second
Batting: RHB Alfredo Beltran 0-0: Ball
1-0: Ball
2-0: Ball
Wild Pitch!
John Ballard to third
R.J. Correll to second
3-0: Intentional Walk
Batting: LHB Eric Schoonover 0-0: Called Strike
0-1: Ball
1-1: Ball
2-1: Ball
3-1: Foul Ball, location: 2LF
3-2: Foul Ball, location: 9LMFF
3-2: Foul Ball, location: 2F
3-2: Foul Ball, location: 3F
3-2: Strikes out swinging
Pitching: RHP Burke Rohrabaugh
Batting: RHB Maxwell Judson 0-0: Ball
1-0: Foul Ball, location: 3DF
1-1: GRAND SLAM HOME RUN (Flyball, 8RXD, EV 111.3 MPH), Distance : 433 ft
Batting: RHB Jose Barillas 0-0: Called Strike
0-1: Ball
1-1: Ball
2-1: Ball
3-1: Base on Balls
Batting: LHB Joel Sherlock 0-0: Foul Ball, location: 3FF
0-1: Foul Ball, location: 3FF
0-2: SINGLE (Line Drive, 8LS, EV 94.4 MPH)
Jose Barillas to second
Runner from 2nd tries for 3rd, SAFE, no throw by CF
Batting: RHB Tony Woody 0-0: Foul Ball, location: 2F
0-1: Foul Ball, location: 2F
0-2: Ball
1-2: Ball
Wild Pitch!
Jose Barillas scores
Joel Sherlock to second
2-2: Foul Ball, location: 5F
2-2: Strikes out swinging
Top of the 7th over - 5 runs, 3 hits, 0 errors, 1 left on base; San Diego 7 - San Francisco 0
BOTTOM OF THE 7TH
San Francisco Giants batting - Pitching for San Diego Padres : RHP John Elliott
Batting: LHB Eric Plaunt 0-0: Foul Ball, location: 7LSF
0-1: Foul Ball, location: 2F
0-2: Ball
1-2: Foul Ball, location: 2F
1-2: Strikes out swinging
Batting: LHB Lindsay Foreman 0-0: Called Strike
0-1: Swinging Strike
0-2: SOLO HOME RUN (Flyball, 7D, EV 99.4 MPH), Distance : 386 ft
Pinch Hitting: SHB Josh Packard 0-0: Ball
1-0: Called Strike
1-1: Ball
2-1: Called Strike
2-2: Ground out 4-3 (Groundball, 4, EV 84.4 MPH)
Batting: RHB Dave Melton 0-0: Ground out 5-3 (Groundball, 56, EV 90.6 MPH)
Bottom of the 7th over - 1 run, 1 hit, 0 errors, 0 left on base; San Diego 7 - San Francisco 1
TOP OF THE 8TH
San Diego Padres batting - Pitching for San Francisco Giants : RHP Burke Rohrabaugh
Now at SS: Bryce Bissinger
Batting: RHB Chris Santos 0-0: Ball
1-0: Foul Ball, location: 5FF
1-1: Foul Ball, location: 3SF
1-2: Ball
2-2: Foul Ball, location: 2F
2-2: Foul Ball, location: 2F
2-2: Strikes out swinging
Batting: RHB John Ballard 0-0: Fly out, F9 (Flyball, 9LS, EV 78.8 MPH)
Batting: LHB R.J. Correll 0-0: Ball
1-0: Called Strike
1-1: Ball
2-1: Foul Ball, location: 2F
2-2: Foul Ball, location: 23F
2-2: Fly out, F1 (Line Drive, P, EV 74.4 MPH)
Top of the 8th over - 0 runs, 0 hits, 0 errors, 0 left on base; San Diego 7 - San Francisco 1
BOTTOM OF THE 8TH
San Francisco Giants batting - Pitching for San Diego Padres : RHP John Elliott
Pitching: LHP Juan Robles
Batting: RHB Ben Presley 0-0: Foul Ball, location: 9LSFF
0-1: Ball
1-1: Swinging Strike
1-2: Ball
2-2: Ball
3-2: Base on Balls
Batting: RHB Erik Mulloy 0-0: DOUBLE (Line Drive, 78M, EV 108.1 MPH)
Ben Presley to third
Batting: RHB Masataka Kato 0-0: Ball
1-0: Ball
2-0: Foul Ball, location: 3F
2-1: Foul Ball, location: 25F
2-2: Strikes out swinging
Pinch Hitting: RHB Greg Schaefer 0-0: Swinging Strike
0-1: Ground out 4-3 (Groundball, 4, EV 79.4 MPH)
Ben Presley scores
Erik Mulloy to third
Batting: RHB David Bishop 0-0: Foul Ball, location: 9LDF
0-1: Ground out 1-3 (Groundball, 15S, EV 73.8 MPH)
Bottom of the 8th over - 1 run, 1 hit, 0 errors, 1 left on base; San Diego 7 - San Francisco 2
TOP OF THE 9TH
San Diego Padres batting - Pitching for San Francisco Giants : RHP Burke Rohrabaugh
Pitching: RHP Ivan Vidales
Now in RF: Luis Juarez
Batting: RHB Alfredo Beltran 0-0: Fly out, F8 (Flyball, 8RM, EV 74.4 MPH)
Batting: LHB Eric Schoonover 0-0: Called Strike
0-1: Ball
1-1: Swinging Strike
1-2: Foul Ball, location: 23F
1-2: Strikes out looking
Batting: RHB Maxwell Judson 0-0: Fly out, F8 (Flyball, 8LD, EV 105.6 MPH)
Top of the 9th over - 0 runs, 0 hits, 0 errors, 0 left on base; San Diego 7 - San Francisco 2
BOTTOM OF THE 9TH
San Francisco Giants batting - Pitching for San Diego Padres : LHP Juan Robles
Batting: LHB Eric Plaunt 0-0: Called Strike
0-1: Ball
1-1: Foul Ball, location: 5F
1-2: Ball
2-2: Foul Ball, location: 2F
2-2: Ball
3-2: Fly out, F9 (Flyball, 9D, EV 100.6 MPH)
Pinch Hitting: RHB Danny Bute 0-0: Called Strike
0-1: Ball
1-1: Ball
2-1: Foul Ball, location: 2F
2-2: Foul Ball, location: 7LMF
2-2: Ball
3-2: SINGLE (Line Drive, 6MD, EV 102.5 MPH)
Pinch Hitting: LHB Ernesto Pelayo 0-0: Fly out, F7 (Flyball, 7, EV 94.4 MPH)
Batting: RHB Dave Melton 0-0: Foul Ball, location: 2F
0-1: Ball
1-1: Foul Ball, location: 5FF
1-2: Strikes out swinging
Bottom of the 9th over - 0 runs, 1 hit, 0 errors, 1 left on base; San Diego 7 - San Francisco 2
Sunday, April 14th , 2024 - OOTP Baseball 24.11 Build 85